 Dungeon Crawl Stone Soup version 0.29-a0-88-g03a7b78be7 (webtiles) character file.

Game seed: 18283410334163035621

250 Destapler the Skirmisher (level 5, 0/48 HPs)
             Began as a Minotaur Berserker on Feb 5, 2022.
             Was a Believer of Trog.
             Killed from afar by an orc wizard (8 damage)
             ... with a puff of flame
             ... on level 4 of the Dungeon.
             The game lasted 00:03:48 (2552 turns).

Destapler the Skirmisher (Minotaur Berserker)       Turns: 2552, Time: 00:03:49

Health: 0/48       AC:  7    Str: 21    XL:     5   Next: 88%
Magic:  4/4        EV: 16    Int:  4    God:    Trog [**....]
Gold:   152        SH:  0    Dex: 12    Spells: 4/4 levels left

rFire   . . .      SeeInvis .   a - +0 mace
rCold   . . .      Faith    +   (no shield)
rNeg    . . .      Spirit   .   n - +0 ring mail
rPois   .          Reflect  .   (helmet restricted)
rElec   .          Harm     .   (no cloak)
rCorr   .          Rampage  .   k - +0 pair of gloves
Will    .....                   (no boots)
Stlth   +.........              h - amulet of faith
HPRegen 0.16/turn               e - +4 ring of evasion
MPRegen 0.09/turn               (no ring)

@: flying
A: horns 2, retaliatory headbutt
a: Renounce Religion, Berserk, Trog's Hand


You were on level 4 of the Dungeon.
You worshipped Trog.
Trog was pleased with you.
You visited 1 branch of the dungeon, and saw 4 of its levels.

You collected 152 gold pieces.

Inventory:

Hand Weapons
 a - a +0 mace (weapon)
Armour
 k - a +0 pair of gloves (worn)
 n - a +0 ring mail (worn)
Jewellery
 e - a +4 ring of evasion (left hand)
 h - an amulet of faith (around neck)
Scrolls
 d - 3 scrolls of identify
 f - a scroll of teleportation
 j - a scroll of blinking
Potions
 c - a potion of ambrosia {unknown}
 g - 2 potions of curing {unknown}
 i - a potion of magic {unknown}
 l - a potion of heal wounds {unknown}
 m - a potion of brilliance {unknown}


   Skills:
 + Level 5.0 Fighting
 + Level 5.0 Maces & Flails
 + Level 4.2 Armour
 + Level 3.8 Dodging


You had 4 spell levels left.
You didn't know any spells.
Your spell library contained the following spells:

 Spells                   Type           Power      Damage    Failure   Level
 Corpse Rot               Necr/Air       0%         N/A       80%         2
 Poisonous Vapours        Pois/Air       0%         N/A       80%         2


Dungeon Overview and Level Annotations

Branches:
Dungeon (4/15)
 Temple: D:4-7

Altars:
Zin

Shops:
D:1 :


Innate Abilities, Weirdness & Mutations

You have a pair of horns on your head.
You reflexively headbutt those who attack you in melee.


Message History

Deactivating autopickup; reactivate with Ctrl-A.
You bump into the stone wall.
You feel less confused.
The orc hits you from afar with a +0 trident.
You closely miss something.
You hear the rusting of a very distant drain.
The orc misses you.
You hear some strange, mumbled words.
You are confused.
You closely miss something. Your headbutt misses something.
The orc hits you from afar with a +0 trident.
Something hits you but does no damage. The orc closely misses you.
Something hits you but does no damage. The orc closely misses you.
The orc hits you with a +0 trident.
You hear some strange, mumbled words.
A puff of flame appears from out of thin air!
The puff of flame misses you.
Items here: )) [[.
You feel less confused. The orc hits you with a +0 trident!
* * * LOW HITPOINT WARNING * * *
Something hits you but does no damage.
You closely miss something. Your headbutt misses something.
The orc hits you with a +0 trident.
* * * LOW HITPOINT WARNING * * *
Something barely misses you. The orc barely misses you.
You hit something. You headbutt something!
Something hits you but does no damage. The orc completely misses you.
You furiously retaliate!
You headbutt the orc, but do no damage.
It was a potion of flight.
You feel very buoyant.
You fly up into the air.
Something hits you.
* * * LOW HITPOINT WARNING * * *
The orc misses you.
You hit something but do no damage.
You hear some strange, mumbled words.
A puff of flame appears from out of thin air!
The puff of flame hits you!
You die...

#######
#.....#
#.....#
#.....# #+
#....#
#.####....#
.......o).#
........@{#
..........#
..###...(.#
## #.....#
.# +.....#
.# #.....#
.# #.....#
.# #.....#
## #..
####'###


You could see an orc.

Vanquished Creatures
  2 hounds (D:4)
  An orc priest (D:3)
  An orc wizard (D:4)
  4 gnolls (D:4)
  A howler monkey skeleton (D:4)
  2 adders
  A shadow imp (D:3)
  A dart slug (D:1)
  8 orcs
  7 endoplasms
  2 giant cockroaches
  5 hobgoblins
  2 jackals (D:2)
  2 quokkas (D:2)
  4 ball pythons
  3 bats
  3 frilled lizards
  2 goblins (D:2)
  4 kobolds
  A rat (D:1)
56 creatures vanquished.

Notes
Turn   | Place    | Note
-------+----------+-------------------------------------------
     0 | D:1      | Destapler the Minotaur Berserker began the quest for the
                  | Orb.
     0 | D:1      | Reached XP level 1. HP: 19/19 MP: 0/0
    56 | D:1      | Found Axupreged's Book Shoppe.
   285 | D:1      | Reached XP level 2. HP: 27/27 MP: 1/1
  1018 | D:2      | Reached XP level 3. HP: 33/33 MP: 2/2
  1060 | D:2      | Reached ** piety under Trog
  1257 | D:3      | Found a faded altar of an unknown god.
  1442 | D:3      | Found a glowing silver altar of Zin.
  1612 | D:3      | Reached XP level 4. HP: 33/41 MP: 3/3
  2422 | D:4      | Reached XP level 5. HP: 37/47 MP: 4/4
  2525 | D:4      | Reached skill level 5 in Fighting
  2525 | D:4      | Reached skill level 5 in Maces & Flails
  2552 | D:4      | Killed from afar by an orc wizard

Illustrated notes

Levels and vault maps discovered:
D:1:      eino_arrival_cavern_e, layout_basic, serial_shops, shop
D:2:      layout_rooms
D:3:      layout_loops_cross, mainiacjoe_overflow_concentric_impassable,
          nicolae_ecumenical_oubliette, kennysheep_generic_room_6
D:4:      layout_gridville, portal_sewer_entry_f

Skill      XL: |  1  2  3  4  5 |
---------------+----------------+-----
Fighting       | 4 5 |  5.0
Maces & Flails | 4 5 |  5.0
Armour         | 3 4 |  4.2
Dodging        | 3 |  3.8

Action                   |  1- 3 |  4- 6 || total
-------------------------+-------+-------++-------
Melee: Mace              |    65 |    54 ||   119
       Headbutt          |     8 |     4 ||    12
       Punch             |     1 |     2 ||     3
Invok: Berserk           |     1 |     1 ||     2
  Use: Scroll            |     3 |     3 ||     6
       Potion            |       |     1 ||     1
 Stab: Sleeping          |     3 |       ||     3
Armor: Animal skin       |    17 |     2 ||    19
       Ring mail         |       |     8 ||     8
Dodge: Dodged            |    45 |    59 ||   104

Table legend: (Time is in decaauts)
 A = Elapsed time spent in this place.
 B = Non-inter-level travel time spent in this place.
 C = Inter-level travel time spent in this place.
 D = Time resting spent in this place.
 E = Time spent auto-exploring this place.
 F = Levels seen in this place.
 G = Mean time per level.
                   A        B        C        D        E       F      G
               +--------+--------+--------+--------+--------+-----+--------+
         Total |   2589 |   2508 |     81 |     23 |   2025 |   4 |  647.2 |
       Dungeon |   2589 |   2508 |     81 |     23 |   2025 |   4 |  647.2 |
               +--------+--------+--------+--------+--------+-----+--------+

Top non-repeatable levels by time:
     D:3: 1115 daAuts
     D:1: 755 daAuts
     D:2: 507 daAuts
     D:4: 210 daAuts
